 Dungeon Crawl Stone Soup version 0.27-a0-562-g0d39f094a4 (webtiles) character file.

Game seed: 895417294890668524

63 porpoise the Sneak (level 3, 0/34 HPs)
             Began as a Minotaur Delver on Mar 9, 2021.
             Slain by an adder (2 damage)
             ... on level 2 of the Dungeon.
             The game lasted 00:01:34 (475 turns).

porpoise the Sneak (Minotaur Delver)                 Turns: 475, Time: 00:01:34

Health: 0/34       AC:  3    Str: 17    XL:     3   Next: 87%
Magic:  2/2        EV: 11    Int:  7    God:
Gold:   11         SH:  0    Dex: 11    Spells: 2/2 levels left

rFire    + . .     SeeInvis .   a - +0 mace
rCold    . . .     Faith    .   (no shield)
rNeg     . . .     Spirit   .   b - +0 leather armour
rPois    .         Reflect  .   (helmet restricted)
rElec    .         Harm     .   (no cloak)
rCorr    .         Rampage  .   (no gloves)
Will     .....                  (no boots)
Stlth    ++........             (no amulet)
HPRegen  0.11/turn              j - ring of protection from fire
MPRegen  0.08/turn              (no ring)

@: hasted, very quick
A: horns 2, retaliatory headbutt
a: no special abilities


You were on level 2 of the Dungeon.
You visited 1 branch of the dungeon, and saw 4 of its levels.

You collected 11 gold pieces.

Inventory:

Hand Weapons
 a - a +0 mace (weapon)
Armour
 b - a +0 leather armour (worn)
Jewellery
 j - a ring of protection from fire (left hand)
Wands
 g - a wand of digging (3)
Scrolls
 c - a scroll of fog
 d - a scroll of magic mapping
 e - a scroll of fear
 i - a scroll of identify {unknown}


   Skills:
 + Level 4.4 Fighting
 + Level 3.3 Maces & Flails
 - Level 2.2 Dodging
 - Level 4.6 Stealth


You had 2 spell levels left.
You didn't know any spells.
Your spell library was empty.

Dungeon Overview and Level Annotations

Branches:
Dungeon (5/15)
 Temple: D:4-7

Altars:


Innate Abilities, Weirdness & Mutations

You have a pair of horns on your head.
You reflexively headbutt those who attack you in melee.


Message History

You hit the kobold but do no damage. The hobgoblin misses you.
The kobold barely misses you. You furiously retaliate!
You headbutt the kobold.
The hobgoblin hits you but does no damage.
You closely miss the kobold.
The kobold is heavily wounded.
The hobgoblin hits you but does no damage.
The kobold closely misses you. You furiously retaliate!
You headbutt the kobold. The hobgoblin completely misses you.
The adder bites you. The kobold hits you.
The hobgoblin hits you with a +0 club.
You are too injured to fight recklessly!
You barely miss the adder. The adder bites you but does no damage.
The hobgoblin barely misses you. You furiously retaliate!
You headbutt the hobgoblin. The kobold closely misses you.
You furiously retaliate!
You headbutt the kobold!
You kill the kobold!
The hobgoblin hits you but does no damage.
You hit the adder. Your headbutt misses the adder.
The adder is lightly wounded.
The bat closely misses you. The adder bites you but does no damage.
The hobgoblin hits you with a +0 club. The adder bites you.
* * * LOW HITPOINT WARNING * * *
You are poisoned.
The adder poisons you!
The hobgoblin hits you but does no damage.
You feel yourself speed up.
You feel sick. The bat hits you.
* * * LOW HITPOINT WARNING * * *
The adder misses you. The hobgoblin misses you.
The hobgoblin hits you with a +0 club.
* * * LOW HITPOINT WARNING * * *
Unknown command.
It was a potion of curing.
You feel better. The adder bites you but does no damage.
The hobgoblin hits you with a +0 club.
* * * LOW HITPOINT WARNING * * *
You barely miss the adder. Your headbutt misses the adder.
The adder is lightly wounded.
The bat hits you but does no damage. The hobgoblin hits you with a +0 club.
* * * LOW HITPOINT WARNING * * *
The adder bites you.
You die...

############
#...$......#
#..........#
#..........#
#....†.....#
#.....@S...#
#....(gg...#
+...b.........
#.........$...
#.............
#+##.######...
.. ... ... ..


You could see an adder, 2 hobgoblins and a bat.

Vanquished Creatures
  A hound (D:4)
  A worker ant (D:4)
  An ooze (D:2)
  A ball python (D:3)
  A giant cockroach (D:4)
  A hobgoblin (D:2)
  A kobold (D:2)
7 creatures vanquished.

Notes
Turn   | Place    | Note
-------+----------+-------------------------------------------
     0 | D:5      | porpoise the Minotaur Delver began the quest for the Orb.
     0 | D:5      | Reached XP level 1. HP: 19/19 MP: 0/0
    26 | D:4      | Noticed a worker ant
    46 | D:4      | Killed a worker ant
    47 | D:4      | Reached XP level 2. HP: 25/27 MP: 1/1
   107 | D:4      | Reached XP level 3. HP: 3/33 MP: 2/2
   475 | D:2      | Slain by an adder

Illustrated notes

Levels and vault maps discovered:
D:2:      layout_basic, uniq_terence, uniq_sigmund
D:3:      layout_basic, kennysheep_generic_room_13
D:4:      layout_rooms
D:5:      layout_loops_corners, amethyst_overflow_temple_binary,
          minmay_temple_entry_junction_2, gammafunk_ghost_cemetery,
          kennysheep_small_spiral

Skill      XL: |  1  2 |
---------------+-------+-----
Fighting       | 4 |  4.4
Maces & Flails | 3 |  3.3
Dodging        | |  2.2
Stealth        | |  4.6

Action                   || total
-------------------------++-------
Melee: Mace              ||    35
       Headbutt          ||     2
  Use: Potion            ||     2
Armor: Leather armour    ||    17
Dodge: Dodged            ||    45

Table legend: (Time is in decaauts)
 A = Elapsed time spent in this place.
 B = Non-inter-level travel time spent in this place.
 C = Inter-level travel time spent in this place.
 D = Time resting spent in this place.
 E = Time spent auto-exploring this place.
 F = Levels seen in this place.
 G = Mean time per level.
                   A        B        C        D        E       F      G
               +--------+--------+--------+--------+--------+-----+--------+
         Total |    482 |    482 |      0 |    286 |     66 |   4 |  120.5 |
       Dungeon |    482 |    482 |      0 |    286 |     66 |   4 |  120.5 |
               +--------+--------+--------+--------+--------+-----+--------+

Top non-repeatable levels by time:
     D:4: 441 daAuts
     D:2: 22 daAuts
     D:3: 11 daAuts
     D:5: 7 daAuts
